 Dungeon Crawl Stone Soup version 0.25.1-2-g60ff931df9 (webtiles) character file.

Game seed: 2105132508705090195

84 pokeman the Magician (level 4, -4/25 HPs)
             Began as a Deep Elf Wizard on Oct 3, 2020.
             Killed by nerve-wracking pain
             ... invoked by Grinder
              (8 damage)
             ... on level 3 of the Dungeon.
             The game lasted 00:04:58 (2823 turns).

pokeman the Magician (Deep Elf Wizard)              Turns: 2823, Time: 00:04:59

Health: -4/25      AC:  4    Str:  4    XL:     4   Next: 23%
Magic:  7/13       EV: 11    Int: 24    God:
Gold:   98         SH:  0    Dex: 13    Spells: 3/14 levels left

rFire    . . .     SeeInvis .   a - -3 dagger (curse)
rCold    . . .     Gourm    .   (no shield)
rNeg     . . .     Faith    .   c - +0 leather armour
rPois    .         Spirit   .   b - +0 hat
rElec    .         Reflect  .   (no cloak)
rCorr    .         Harm     .   (no gloves)
MR       .....                  f - +0 pair of boots
Stlth    ++........             (no amulet)
HPRegen  0.08/turn              (no ring)
MPRegen  0.13/turn              (no ring)

@: very slightly contaminated
A: no striking features
a: no special abilities


You were on level 3 of the Dungeon.
You were not hungry.

You visited 1 branch of the dungeon, and saw 3 of its levels.

You collected 98 gold pieces.

Inventory:

Hand Weapons
 a - a cursed -3 dagger (weapon)
Missiles
 p - 29 bolts
Armour
 b - a +0 hat (worn)
 c - a +0 leather armour (worn)
 f - a +0 pair of boots (worn)
Scrolls
 g - 7 scrolls of identify {unknown}
 h - 3 scrolls of remove curse {unknown}
 j - a scroll of enchant weapon {unknown}
 m - a scroll of amnesia {unknown}
Potions
 e - a potion of haste {unknown}
 i - a potion of lignification {unknown}
 k - a potion of invisibility {unknown}
 n - a potion of stabbing {unknown}
 o - a potion of curing {unknown}
Comestibles
 d - 4 rations
 l - 2 chunks of flesh


   Skills:
 - Level 1.0 Fighting
 - Level 1.0 Armour
 - Level 2.4 Dodging
 - Level 2.4 Stealth
 * Level 5.5 Spellcasting
 * Level 2.2 Conjurations
 - Level 1.1 Summonings
 - Level 1.1 Translocations
 + Level 0.5 Fire Magic
 + Level 0.5 Air Magic


You had 3 spell levels left.
You knew the following spells:

 Your Spells              Type           Power        Failure   Level  Hunger
a - Magic Dart            Conj           ###.         6%          1    None
b - Mephitic Cloud        Conj/Pois/Air  ##......     28%         3    #......
c - Call Imp              Summ           ##......     14%         2    None
d - Blink                 Tloc           N/A          14%         2    None
e - Conjure Flame         Conj/Fire      ##......     24%         3    #......

Your spell library contained the following spells:

 Spells                   Type           Power        Failure   Level  Hunger
 Slow                     Hex            #.......     22%         2    None


Dungeon Overview and Level Annotations

Branches:
Dungeon (3/15)

Altars:
Fedhas
Uskayaw
Wu Jian

Annotations:
D:3 Grinder


Message History

A ball python comes into view.
Grinder zaps a wand.
The puff of flame hits you!
* * * LOW HITPOINT WARNING * * *
Casting: Magic Dart (safe; 6% risk of failure)
Confirm with . or Enter, or press ? or * to list all spells.
Aiming: Magic Dart (safe; 6% risk of failure)
Press: ? - help, Shift-Dir - straight line, f/p - Grinder
Aim: Grinder, carrying a wand of flame (14) (moderately wounded)
The magic dart hits Grinder.
Grinder is moderately wounded.
Casting: Magic Dart (safe; 6% risk of failure)
Confirm with . or Enter, or press ? or * to list all spells.
Aiming: Magic Dart (safe; 6% risk of failure)
Press: ? - help, Shift-Dir - straight line, f/p - Grinder
Aim: Grinder, carrying a wand of flame (14) (moderately wounded)
The magic dart hits Grinder.
Grinder is moderately wounded.
Grinder gestures at you. Pain shoots through your body!
You die...

...............## ##..
#.#......# #....# #...
..#...#.####.##.###....
........##..........5#
####........##....##.#
####.....#..##.S..#..#
.......#.#.####.....##
.###...#...# #....#####
.#...####### #.@........
...#.##########....######
.......................
......#..........######
........#####.<..#
........# #....#
........## #....#
...รท.....# #....#
.........# #....###


You could see Grinder and a ball python.

Vanquished Creatures
  A gnoll (D:1)
  3 adders
  2 worms
  A leopard gecko (D:1)
  2 ball pythons (D:1)
  6 bats
  2 giant cockroaches
  4 goblins
  5 hobgoblins
  3 quokkas
  2 frilled lizards
  5 kobolds
  4 rats
40 creatures vanquished.

Notes
Turn   | Place    | Note
-------+----------+-------------------------------------------
     0 | D:1      | pokeman the Deep Elf Wizard began the quest for the Orb.
     0 | D:1      | Reached XP level 1. HP: 10/10 MP: 7/7
   614 | D:1      | Reached XP level 2. HP: 16/16 MP: 4/9
   808 | D:1      | Reached skill level 5 in Spellcasting
  1049 | D:1      | Reached XP level 3. HP: 20/20 MP: 8/11
  1054 | D:1      | Learned a level 3 spell: Mephitic Cloud
  1057 | D:1      | Learned a level 2 spell: Call Imp
  1060 | D:1      | Learned a level 2 spell: Blink
  1064 | D:1      | Learned a level 3 spell: Conjure Flame
  1441 | D:2      | Found an ornate altar of the Wu Jian Council.
  1448 | D:2      | Found a blossoming altar of Fedhas.
  1648 | D:2      | Reached skill level 1 in Armour
  1721 | D:2      | Reached skill level 1 in Fighting
  2347 | D:2      | Noticed a +0 hand axe
  2348 | D:2      | Noticed a +0 dagger
  2349 | D:2      | Found a hide-covered altar of Uskayaw.
  2536 | D:3      | Reached XP level 4. HP: 19/25 MP: 7/13
  2805 | D:3      | Noticed Grinder
  2823 | D:3      | Killed from afar by Grinder

Illustrated notes

Levels and vault maps discovered:
D:1:      dpeg_arrival_simpleton_b, layout_loops_ring, minmay_cupped
D:2:      layout_basic, overflow_temple_1_default, overflow_temple_1_default,
          dancing_weapons_uskayaw
D:3:      kennysheep_the_goblin_king, layout_rooms,
          nicolae_overflow_crystal_walls, first_ration, uniq_grinder

Skill      XL: |  1  2  3 |
---------------+----------+-----
Spellcasting   | 5 |  5.5
Armour         | 1 |  1.0
Fighting       | 1 |  1.0
Conjurations   | 2 |  2.2
Dodging        | |  2.4
Stealth        | |  2.4
Summonings     | |  1.1
Translocations | |  1.1
Fire Magic     | |  0.5
Air Magic      | |  0.5

Action                   |  1- 3 |  4- 6 || total
-------------------------+-------+-------++-------
Melee: Dagger            |     7 |       ||     7
 Cast: Magic Dart        |    99 |    23 ||   122
  Eat: Chunk             |     5 |     1 ||     6
Armor: Leather armour    |     7 |       ||     7
Dodge: Dodged            |    23 |       ||    23
